AoeStats
← HINIIRU

Black Forest

510801860Analyzed
2v2 RM · 16h ago on Oct 2, 2026· 58m 53s· 4 players
Game mode
Random Map
Map size
Medium (4 player)
Population
200
Speed
Normal
Resources
Standard
Victory
Conquest
Starting age
Dark Age
Ending age
Imperial Age
RankedLock teamsTeams togetherTeam positionsShared explorationLock speedFull tech treeHidden civsTurbo modeCheats
Victory
Defeat
🇩🇪 Saxons · Germany
1156
+17
🇩🇪 Varangians · Germany
1156
+17
🇦🇷 Turks · Argentina
1170
-17
🇦🇷 Bohemians · Argentina
1170
-17
MrHonigkuchen
11:15 Feudal Age
14:49 Castle Age
12:55 Double-Bit Axe
12:53 Horse Collar
15:54 Bow Saw
15:51 Heavy Plow
18:16 Gold Mining
21:44 Wheelbarrow
23:06 Stone Mining
24:05 Hand Cart
27:50 Imperial Age
26:16 Stone Shaft Mining
26:14 Loom
26:15 Town Watch
26:41 Scale Barding Armor
26:47 Forging
27:09 Scale Mail Armor
27:20 Caravan
28:36 Bloodlines
28:27 Husbandry
28:24 Fletching
29:16 Iron Casting
29:39 Onager
30:24 Squires
30:20 Arson
30:10 Cavalier
31:09 Chain Mail Armor
31:54 Blast Furnace
31:17 Chain Barding Armor
32:21 Plate Mail Armor
34:22 Crop Rotation
34:01 Bodkin Arrow
35:42 Plate Barding Armor
35:16 Bracer
35:21 Padded Archer Armor
36:14 Conscription
35:18 Vendel Legacy
36:40 Gothikon
36:42 Elite Jarl
38:31 Coinage
38:56 Leather Archer Armor
39:06 Ballistics
39:47 Chemistry
38:54 Siege Engineers
40:48 Ring Archer Armor
39:40 Elite Varangian Guard
40:06 Gambesons
41:58 Banking
50:22 Capped Ram
51:17 Pikeman
51:18 Man-at-Arms
52:56 Halberdier
52:57 Long Swordsman
55:56 Two-Handed Swordsman
HINIIRU
10:58 Feudal Age
14:35 Castle Age
12:30 Double-Bit Axe
13:03 Horse Collar
16:12 Bow Saw
17:13 Wheelbarrow
17:38 Heavy Plow
23:42 Hand Cart
24:18 Caravan
24:49 Coinage
25:38 Stone Mining
25:40 Gold Mining
32:18 Imperial Age
29:51 Fletching
30:02 Padded Archer Armor
31:19 Bodkin Arrow
31:39 Leather Archer Armor
32:19 Ballistics
32:21 Crossbowman
33:06 Thumb Ring
33:09 Bracer
33:39 Ring Archer Armor
34:11 Chemistry
34:08 Conscription
34:20 Guilds
34:41 Coinage
34:28 Guilds
33:50 Arbalester
36:17 Banking
37:03 Masonry
36:53 Murder Holes
37:10 Fortified Wall
36:53 Treadmill Crane
36:51 Cranequins
43:33 Elite Skirmisher
PAULXI
0:39 Loom
13:11 Feudal Age
17:09 Castle Age
16:44 Wheelbarrow
15:54 Horse Collar
16:21 Double-Bit Axe
18:26 Bow Saw
20:05 Horse Collar
25:11 Heavy Plow
29:36 Imperial Age
27:54 Hand Cart
27:59 Town Watch
28:51 Padded Archer Armor
30:43 Chemistry
30:31 Fortified Wall
30:22 Fletching
30:50 Leather Archer Armor
31:58 Two-Man Saw
31:04 Town Patrol
32:27 Siege Engineers
33:38 Houfnice
35:04 Pikeman
35:45 Squires
35:31 Arson
36:12 Masonry
36:24 Ballistics
36:00 Murder Holes
36:42 Ring Archer Armor
38:01 Conscription
37:58 Wagenburg Tactics
37:19 Halberdier
38:04 Elite Skirmisher
38:37 Fletching
38:55 Scale Barding Armor
39:01 Forging
38:54 Husbandry
38:15 Light Cavalry
51:45 Elite Hussite Wagon
jbeltrankrisciunas
0:30 Loom
11:22 Feudal Age
16:33 Castle Age
15:50 Double-Bit Axe
17:31 Wheelbarrow
22:37 Horse Collar
23:12 Fletching
30:11 Imperial Age
29:01 Hand Cart
29:01 Padded Archer Armor
28:56 Bodkin Arrow
29:13 Forging
29:16 Heavy Plow
29:54 Bow Saw
32:22 Two-Man Saw
32:18 Conscription
32:35 Gold Mining
32:56 Elite Janissary
34:25 Iron Casting
33:55 Scale Barding Armor
35:15 Hoardings
35:13 Stone Mining
34:49 Heavy Camel Rider
35:30 Husbandry
35:40 Bloodlines
36:45 Artillery
38:51 Blast Furnace
37:46 Bodkin Arrow
39:37 Masonry
39:49 Ballistics
39:42 Fortified Wall
39:57 Bombard Tower
40:23 Chain Barding Armor
43:11 Murder Holes
43:50 Architecture
46:41 Gold Shaft Mining
Connection lost

Rejoining the realm…

Still unreachable

The connection could not be restored.

Session expired

The server has moved on; the page needs a fresh start.